 Dungeon Crawl Stone Soup version 0.26-a0-812-g31a745ddcd (webtiles) character file.

Game seed: 8715180446159891251

2620 dmks the Destroyer (level 9, -7/51 HPs)
             Began as an Octopode Conjurer on Nov 14, 2020.
             Was an Initiate of Sif Muna.
             Shot with an arrow by a centaur (20 damage)
             ... on level 8 of the Dungeon.
             The game lasted 00:24:45 (8701 turns).

dmks the Destroyer (Octopode Conjurer)              Turns: 8701, Time: 00:24:45

Health: -7/51      AC: -2    Str: 12    XL:     9   Next: 60%
Magic:  2/17       EV: 15    Int: 30    God:    Sif Muna [......]
Gold:   338        SH:  0    Dex: 10    Spells: 7/18 levels left

rFire    . . .     SeeInvis .   b - +1 dagger (flame)
rCold    . . .     Faith    .   (no shield)
rNeg     + . .     Spirit   .   s - +1 hat
rPois    .         Reflect  .   (no amulet)
rElec    .         Harm     .   k - ring of stealth
rCorr    .         Rampage  .   u - +6 ring of strength
MR       .....                  w - ring of positive energy
Stlth    +++++.....             y - +6 ring of intelligence
HPRegen  0.17/turn              x - ring of flight
MPRegen  0.15/turn              (no ring)
                                (no ring)
                                (no ring)

@: corroded, hasted, very quick
A: almost no armour, stealthy swim, amphibious, 8 rings, constrict 8, camouflage
1, gelatinous body 1
a: Renounce Religion, Evoke Flight


You were on level 8 of the Dungeon.
You worshipped Sif Muna.
Sif Muna was noncommittal.
You visited 2 branches of the dungeon, and saw 9 of its levels.

You collected 402 gold pieces.
You spent 64 gold pieces at shops.

Inventory:

Hand Weapons
 b - a +1 dagger of flaming (weapon)
   (You took it off a kobold on level 1 of the Dungeon)
Missiles
 t - 2 throwing nets (quivered) {!f}
Armour
 o - a +0 kite shield
   (You found it on level 3 of the Dungeon)
 s - a +1 hat (worn)
   (You found it on level 3 of the Dungeon)
Jewellery
 k - a ring of stealth (left tentacle)
   (You found it on level 2 of the Dungeon)
 u - a +6 ring of strength (right tentacle)
   (You found it on level 5 of the Dungeon)
 w - a ring of positive energy (on tentacle)
   (You found it on level 5 of the Dungeon)
 x - a ring of flight (on tentacle)
   (You found it on level 5 of the Dungeon)
 y - a +6 ring of intelligence (on tentacle)
   (You found it on level 6 of the Dungeon)
Scrolls
 a - 3 scrolls of identify {@r1}
 d - a scroll of blinking {unknown}
 f - 3 scrolls of immolation {unknown}
 h - 2 scrolls of fear {unknown}
 i - a scroll of fog {unknown}
 j - a scroll of enchant armour {unknown}
 l - 5 scrolls of amnesia {unknown}
 m - 2 scrolls of noise {unknown}
 q - 2 scrolls of magic mapping
 r - 2 scrolls of remove curse {unknown}
 v - 4 scrolls of teleportation {unknown}
 C - a scroll of random uselessness {unknown}
Potions
 e - a potion of attraction {!q}
 g - 2 potions of ambrosia
 n - 5 potions of flight
 p - a potion of brilliance
 z - a potion of resistance {unknown}
 A - 2 potions of magic {unknown}
 B - a potion of lignification {unknown}


   Skills:
 + Level 5.9 Dodging
 - Level 7.3 Stealth
 + Level 5.4 Spellcasting
 * Level 8.9 Conjurations
 * Level 3.6 Air Magic


You had 7 spell levels left.
You knew the following spells:

 Your Spells              Type           Power        Failure   Level
a - Magic Dart            Conj           ####         1%          1
b - Dazzling Flash        Conj/Hex       #####.       2%          3
c - Lightning Bolt        Conj/Air       #####.....   12%         5
s - Searing Ray           Conj           ######       1%          2

Your spell library contained the following spells:

 Spells                   Type           Power        Failure   Level
 Shock                    Conj/Air       ####         1%          1
 Swiftness                Air            ####....     1%          2
 Static Discharge         Conj/Air       #####...     1%          3
 Fulminant Prism          Conj/Hex       #####.....   9%          4
 Iskenderun's Mystic Bla  Conj/Tloc      #####...     9%          4
 Airstrike                Air            ####......   12%         4


Dungeon Overview and Level Annotations

Branches:
Dungeon (7/15)             Temple (1/1) D:7

Altars:
Ashenzari
Cheibriados
Dithmenos
Elyvilon
Fedhas
Gozag
Hepliaklqana
Kikubaaqudgha
Makhleb
Nemelex Xobeh
Okawaru
Qazlal
Ru
Sif Muna
Trog
Uskayaw
Vehumet
Wu Jian
Xom
Yredelemnul
Zin
The Shining One

Shops:
D:5 ?*:

Annotations:
D:5 2 transporters, Lanoc's ghost, amateur GrTm
D:7 Joseph
D:8 Maggie


Innate Abilities, Weirdness & Mutations

You cannot wear most types of armour.
You are very stealthy in the water. (Stealth+)
You are amphibious.
You can wear up to eight rings at the same time.
You can use your tentacles to constrict eight enemies at once.
Your skin changes colour to match your surroundings (Stealth+).
Your rubbery body absorbs attacks. (AC +1, EV +1)


Message History

The jelly hits you. The acid corrodes you!
You are splashed with acid.
You hit the jelly. You burn the jelly. The acid corrodes you!
Your tentacles burn!
You squeeze the jelly. The jelly closely misses you.
You hit the jelly. You burn the jelly.
You kill the jelly!
Sif Muna accepts your kill.
You start resting.
A howler monkey opens the door.
The howler monkey moves out of view.
You see here a +0 giant club.
You start resting.
A howler monkey is nearby!
You can't see any susceptible monsters within range! (Use Z to cast anyway.)
An ogre comes into view. It is wielding a +0 giant spiked club.
Aim: a howler monkey The searing ray hits the howler monkey! (Press . to maintain the ray.)
The howler monkey barely misses you.
The searing ray hits the howler monkey!
You kill the howler monkey!
Sif Muna accepts your kill.
A bullfrog comes into view.
A centaur comes into view.
The centaur wields a +0 shortbow.
The centaur shoots an arrow.
The arrow hits you!
* * * LOW HITPOINT WARNING * * *
Things that are here:
an arrow; a +0 giant club Maggie the Vainglorious comes into view.
She is wielding a +0 glaive.
A jackal and a two-headed ogre come into view.
A jackal comes into view.
The jackal moves out of view.
You see here a howler monkey corpse.
The centaur unwields a +0 shortbow.
The centaur hits you.
* * * LOW HITPOINT WARNING * * *
A jackal comes into view.
You feel yourself speed up. The centaur barely misses you.
A worker ant comes into view.
The centaur wields a +0 shortbow.
The centaur shoots an arrow.
The arrow barely misses you.
You see here a howler monkey corpse.
The centaur shoots an arrow.
The arrow hits you!
* * * LOW HITPOINT WARNING * * *
The ogre shouts!
You see here an arrow.
The centaur shoots an arrow.
The arrow misses you.
Maggie shouts!
Maggie says, "How do the people who live here stand the isolation?"
The centaur shoots an arrow.
The arrow hits you!!
You die... . ..
BOO.

###
......###########....
......'h.............
......###(...@>.)....
......h.c..$.(.......
......###((O@.....###
..... #.........#
.... #.....(...# ..$
#.........# ##
#...........
#...........
#.........


You could see Maggie, an ogre, a centaur and 2 jackals.

Vanquished Creatures
  Pikel (D:5)
  A soldier ant (D:7)
  A black bear (D:8)
  2 sky beasts
  4 ogres
  A necrophage (D:5)
  A phantom (D:7)
  3 lemures (D:5)
  3 bullfrogs
  A water moccasin skeleton (D:5)
  3 scorpions (D:5)
  3 jellies
  3 howler monkeys (D:8)
  A bullfrog zombie (D:5)
  A bullfrog skeleton (D:5)
  2 orc priests (D:4)
  2 centaur skeletons (D:5)
  3 hounds
  3 orc wizards
  2 iguanas
  A worker ant (D:6)
  A hound zombie (D:6)
  2 worker ant zombies (D:6)
  8 adders
  A howler monkey skeleton (D:6)
  An ufetubus (D:6)
  An ooze (D:3)
  2 adder skeletons
  3 worms (D:2)
  A dart slug (D:2)
  3 leopard geckos
  6 orcs
  8 bats
  5 giant cockroaches
  3 goblins
  6 hobgoblins
  6 jackals
  5 quokkas
  3 frilled lizards
  6 kobolds
  A quokka zombie (D:5)
  7 rats
121 creatures vanquished.

Vanquished Creatures (others)
  An orc wizard (D:4)
  2 fungi (D:8)
  3 plants (D:8)
6 creatures vanquished.

Grand Total: 127 creatures vanquished

Notes
Turn   | Place    | Note
-------+----------+-------------------------------------------
     0 | D:1      | dmks the Octopode Conjurer began the quest for the Orb.
     0 | D:1      | Reached XP level 1. HP: 11/11 MP: 3/3
   466 | D:1      | Reached XP level 2. HP: 17/17 MP: 0/5
  1216 | D:2      | Found an iron altar of Okawaru.
  1222 | D:1      | Learned a level 2 spell: Searing Ray
  1226 | D:2      | Reached XP level 3. HP: 11/21 MP: 2/6
  1716 | D:2      | Reached XP level 4. HP: 27/27 MP: 4/7
  1720 | D:2      | Found a hide-covered altar of Uskayaw.
  1946 | D:2      | Noticed a +0 dagger
  1947 | D:2      | Noticed a +0 hand axe
  2874 | D:3      | Reached skill level 5 in Conjurations
  2874 | D:3      | Reached XP level 5. HP: 25/31 MP: 2/9
  2967 | D:3      | Learned a level 3 spell: Dazzling Flash
  3054 | D:3      | Found a stormy altar of Qazlal.
  3194 | D:3      | Found a white marble altar of Elyvilon.
  3504 | D:4      | Reached XP level 6. HP: 33/36 MP: 3/10
  3688 | D:4      | Found a shadowy altar of Dithmenos.
  4652 | D:5      | Entered Level 5 of the Dungeon
  5109 | D:5      | Reached skill level 5 in Stealth
  5312 | D:5      | Reached skill level 6 in Conjurations
  5312 | D:5      | Reached XP level 7. HP: 17/41 MP: 2/12
  6022 | D:5      | Found Xuro Que's General Store.
  6030 | D:5      | Bought a scroll of identify for 26 gold pieces
  6098 | D:5      | Found a broken altar of Ashenzari.
  6383 | D:5      | Found Bewn's Magic Scroll Emporium.
  6401 | D:5      | Bought a scroll of magic mapping for 38 gold pieces
  6408 | D:5      | Found Cicup's Book Shop.
  6455 | D:5      | Reached XP level 8. HP: 46/46 MP: 8/14
  6562 | D:5      | Reached skill level 7 in Conjurations
  6608 | D:5      | Noticed Pikel
  6622 | D:5      | Killed Pikel
  6622 | D:5      | Reached skill level 5 in Dodging
  6721 | D:5      | Reached skill level 8 in Conjurations
  6882 | D:5      | Learned a level 5 spell: Lightning Bolt
  6940 | D:5      | Noticed Lanoc's ghost (amateur GrTm)
  6941 | D:5      | Found a transporter.
  6945 | D:5      | Found a transporter.
  7162 | D:6      | Reached skill level 1 in Air Magic
  7162 | D:6      | Reached XP level 9. HP: 42/51 MP: 9/16
  7718 | D:6      | Found a shimmering altar of Xom.
  7745 | D:6      | Reached skill level 5 in Spellcasting
  7864 | D:6      | Found a basalt altar of Yredelemnul.
  7865 | D:6      | Found a burning altar of Makhleb.
  7865 | D:6      | Found an opulent altar of Gozag.
  7866 | D:6      | Found an ancient bone altar of Kikubaaqudgha.
  7867 | D:6      | Found a bloodstained altar of Trog.
  8339 | D:7      | Noticed Joseph
  8432 | D:7      | Found a staircase to the Ecumenical Temple.
  8485 | Temple   | Entered the Ecumenical Temple
  8611 | Temple   | Became a worshipper of Sif Muna the Loreminder
  8644 | D:7      | You fall into a shaft and drop 1 floor!
  8692 | D:8      | Noticed Maggie
  8693 | D:8      | Noticed a two-headed ogre
  8701 | D:8      | Shot with an arrow by a centaur

Illustrated notes

Levels and vault maps discovered:
D:1:      lightli_arrival_windingriver, layout_loops_cross
D:2:      layout_rooms, dancing_weapons_uskayaw, okawaru_metal_pillars_1_2
D:3:      layout_rooms, nicolae_qazlal_general_emergency, elyvilon_altar_5
D:4:      layout_basic, nicolae_dithmenos_the_darkroom
D:5:      minmay_chambers_of_threes, layout_basic, serial_shops,
          kennysheep_little_box, shop, shop_statue, gammafunk_ghost_smash,
          evilmike_ruin_ashenzari, uniq_pikel
D:6:      layout_basic, minitemple, minmay_holes, dk_xom_monty_hall
D:7:      layout_gridville, temple_statues, centaur_isle, uniq_harold,
          uniq_joseph
D:8:      layout_basic, grunt_lair_entry_orc_guard_hut,
          minmay_guarded_unrand_variability, uniq_maurice, uniq_maggie
Temple:   eino_temple_lava

Skill      XL: |  1  2  3  4  5  6  7  8  9 |
---------------+----------------------------+-----
Stealth        | 3 4 5 6 7 |  7.3
Conjurations   | 5 6 8 |  8.9
Dodging        | 3 4 5 |  5.9
Spellcasting   | 3 4 5 |  5.4
Air Magic      | 1 3 |  3.6

Action                   |  1- 3 |  4- 6 |  7- 9 || total
-------------------------+-------+-------+-------++-------
Melee: Unarmed           |     1 |       |       ||     1
       Dagger            |     1 |    21 |    19 ||    41
       Constrict         |     1 |     5 |     4 ||    10
       Tentacles         |     1 |       |     1 ||     2
 Cast: Magic Dart        |    46 |    92 |    49 ||   187
       Searing Ray       |     3 |    13 |    42 ||    58
       Dazzling Flash    |       |       |     2 ||     2
  Use: Potion            |       |     1 |     1 ||     2
       Scroll            |       |       |     4 ||     4
Armor: Skin              |     1 |     5 |     2 ||     8
Dodge: Dodged            |     6 |    20 |    43 ||    69

Table legend: (Time is in decaauts)
 A = Elapsed time spent in this place.
 B = Non-inter-level travel time spent in this place.
 C = Inter-level travel time spent in this place.
 D = Time resting spent in this place.
 E = Time spent auto-exploring this place.
 F = Levels seen in this place.
 G = Mean time per level.
                   A        B        C        D        E       F      G
               +--------+--------+--------+--------+--------+-----+--------+
         Total |   8670 |   8503 |    167 |   2709 |   4846 |   9 |  963.3 |
       Dungeon |   8522 |   8355 |    167 |   2709 |   4738 |   8 | 1065.2 |
        Temple |    147 |    147 |      0 |      0 |    108 |   1 |  147.0 |
               +--------+--------+--------+--------+--------+-----+--------+

Top non-repeatable levels by time:
     D:5: 2419 daAuts
     D:1: 1368 daAuts
     D:4: 1258 daAuts
     D:6: 1251 daAuts
     D:2: 1085 daAuts
     D:3: 913 daAuts
     D:7: 170 daAuts
  Temple: 147 daAuts
     D:8: 55 daAuts
